 Dungeon Crawl Stone Soup version 0.31.0-32-g396128a36d (webtiles) character file.

Game seed: 1136695256512152941

52 warriortoast the Ruffian (level 3, -1/24 HPs)
             Began as an Octopode Shapeshifter on Apr 2, 2024.
             Slain by a jackal (2 damage)
             ... on level 3 of the Dungeon.
             The game lasted 00:04:10 (1196 turns).

warriortoast the Ruffian (Octopode Shapeshifter)    Turns: 1196, Time: 00:04:10

Health: -1/24      AC:  1    Str: 15    XL:     3   Next: 85%
Magic:  3/3        EV: 13    Int: 12    God:
Gold:   104        SH:  0    Dex: 11    Spells: 2/2 levels left

rFire   . .          .
                       - Unarmed
rCold   . . .        (no shield)
rNeg    . . .        (helmet currently unavailable)
rPois   .            (no amulet)
rElec   .            (no ring)
rCorr   .            (no ring)
SInv    .            (no ring)
Will    .....        (no ring)
Stlth   +++          (no ring)
HPRegen 0.24/turn    (no ring)
MPRegen 0.08/turn    (no ring)
                     (no ring)

%: no passive effects
@: beast-form
A: beast (slay +1), almost no armour, amphibious, 8 rings, camouflage 1,
gelatinous body 1, (nimble swimmer 1), tentacles
a: Begin Untransformation


You were on level 3 of the Dungeon.
You were a hulking beast.
You visited 1 branch of the dungeon, and saw 3 of its levels.

You collected 104 gold pieces.

Inventory:

Missiles
 k - 2 boomerangs (quivered)
Jewellery
 f - a ring of protection from cold
Talismans
 b - a beast talisman
 c - a flux talisman
Scrolls
 d - a scroll of identify {unknown}
 e - a scroll of enchant weapon {unknown}
 i - a scroll of vulnerability {unknown}
Potions
 a - a potion of lignification
 g - a potion of heal wounds {unknown}
 h - a potion of enlightenment {unknown}
 j - a potion of mutation {unknown}
 l - a potion of magic {unknown}
 m - a potion of curing {unknown}


   Skills:
 + Level 1.9 Fighting
 - Level 2.0 Dodging
 + Level 2.1 Stealth
 + Level 3.4 Unarmed Combat
 + Level 3.4 Shapeshifting


You had 2 spell levels left.
You didn't know any spells.
Your spell library was empty.

Dungeon Overview and Level Annotations

Branches:
Dungeon (3/15)

Altars:

Shops:
D:2 =[(=


Innate Abilities, Weirdness & Mutations

You are a hulking beast.
Your limbs bulge with bestial killing power. (Slay +1)
You cannot wear most types of armour.
You are amphibious.
You can wear up to eight rings at the same time.
Your skin changes colour to match your surroundings (Stealth+).
Your rubbery body absorbs attacks. (AC +1, EV +1)
((You are camouflaged when in or above water. (Stealth+)))
You have tentacles for arms and can constrict up to eight enemies at once.


Message History

Jessica the Apprentice Sorceress comes into view.
She is wielding a +0 club.
Jessica casts a spell.
Jessica blinks!
Jessica shouts, "You're disturbing me!
I'll have to kill you!"
You barely miss the rat. Your grab misses the rat.
An adder comes into view.
The adder hisses angrily.
You tentacle-slap the rat but do no damage.
You grab the rat. Your squeeze misses the rat. You constrict the rat.
The rat bites you.
You tentacle-slap the rat but do no damage.
The rat is heavily wounded.
You constrict the rat.
You kill the rat!
Jessica hits you with a +0 club. The adder barely misses you.
The jackal barks!
You tentacle-slap the adder. You grab the adder.
The adder is moderately wounded.
You constrict the adder.
You hear a bark! x2
The adder barely misses you.
Jessica gestures wildly while chanting.
Jessica seems to speed up.
The adder bites you.
You tentacle-slap the adder but do no damage.
The adder is heavily wounded.
You constrict the adder.
Jessica points at you and mumbles some strange words.
Pain shoots through your body!
Ouch! That really hurt!
* * * LOW HITPOINT WARNING * * *
Jessica barely misses you. The adder barely misses you.
You tentacle-slap the adder. You squeeze the adder.
You kill the adder!
Jessica hits you with a +0 club.
* * * LOW HITPOINT WARNING * * *
The jackal closely misses you.
You tentacle-slap Jessica. Your grab misses Jessica. You squeeze Jessica.
You kill Jessica!
The jackal bites you.
You die...

#.##. ##.#.
..#.#########
.[.........#
##.#........#
#.####..#........#
o.......h........#
........#h...h...#
........#...)h...#
........#....>†.<#
...#h..###########
.b..... .......
......h .......


You could see 3 jackals.

Vanquished Creatures
  Jessica (D:3)
  2 adders
  A dart slug (D:2)
  A ribbon worm (D:2)
  6 ball pythons
  3 endoplasms (D:2)
  A goblin (D:2)
  2 hobgoblins
  2 jackals (D:1)
  A bat (D:1)
  2 frilled lizards (D:2)
  3 kobolds
  4 rats
29 creatures vanquished.

Notes
Turn   | Place    | Note
-------+----------+-------------------------------------------
     0 | D:1      | warriortoast the Octopode Shapeshifter began the quest for
                  | the Orb.
     0 | D:1      | Reached XP level 1. HP: 13/13 MP: 1/1
    50 | D:1      | Found a faded altar of an unknown god.
   291 | D:1      | Reached skill level 1 in Stealth
   291 | D:1      | Reached XP level 2. HP: 13/18 MP: 2/2
   343 | D:1      | You fall into a shaft and drop 1 floor!
   547 | D:2      | Found Firen's Weapon Shop.
   665 | D:2      | Reached XP level 3. HP: 18/24 MP: 3/3
   818 | D:2      | Found Jana's Jewellery Emporium.
   978 | D:2      | Found Tose's Jewellery Shoppe.
   996 | D:2      | Found Qurisom's Antique Armour Shoppe.
  1183 | D:3      | Noticed Jessica
  1195 | D:3      | HP: 1/24 [Jessica/+0 club (4)]
  1196 | D:3      | Killed Jessica
  1196 | D:3      | Slain by a jackal

Illustrated notes

Levels and vault maps discovered:
D:1:      eino_arrival_water_cross, layout_loops_cross,
          ebering_ecumenical_altar_rust
D:2:      layout_loops_ring, serial_shops, shop_coins,
          nicolae_shop_just_a_little_nook, nicolae_shop_advertising_works
          [nicolae_subvault_shop_adworks], shop, supply_closet_lemuel
D:3:      layout_rooms, uniq_ijyb, uniq_jessica, uniq_grinder

Skill      XL: |  1  2  3 |
---------------+----------+-----
Stealth        | 1 2 |  2.1
Fighting       | |  1.9
Dodging        | |  2.0
Unarmed Combat | |  3.4
Shapeshifting  | |  3.4

Action                     || total
---------------------------++-------
  Melee: Unarmed           ||    60
         Tentacles         ||    14
         Constrict         ||    14
   Stab: Sleeping          ||     3
 Armour: Skin              ||    25
  Dodge: Dodged            ||    36
